 Dungeon Crawl Stone Soup version 0.20-a0-871-g785f14b (webtiles) character file.

58 4thArraOfDagon the Cudgeler (level 3, -4/29 HPs)
             Began as a Mummy Chaos Knight on Mar 14, 2017.
             Slain by an adder (6 damage)
             ... on level 4 of the Dungeon.
             The game lasted 00:00:55 (324 turns).

4thArraOfDagon the Cudgeler (Mummy Chaos Knight)     Turns: 324, Time: 00:00:56

Health: -4/29      AC:  5    Str: 15    XL:     3   Next: 75%
Magic:  3/3        EV: 12    Int: 12    God:    Xom [..*...]
Gold:   16         SH:  0    Dex: 11    Spells: 2/2 levels left

rFire    x . .     SeeInvis .   a - +0 mace (chaos)
rCold    + . .     Gourm    .   b - +2 leather armour
rNeg     + + +     Faith    .   (no shield)
rPois    ∞         Spirit   .   (no helmet)
rElec    .         Reflect  .   (no cloak)
rCorr    .         Harm     .   (no gloves)
MR       .....                  (no boots)
Stlth    +.........             (no amulet)
Regen    0.1/turn               (no ring)
MPRegen  0.1/turn               (no ring)

@: no status effects
A: no food or potions, fire vulnerability, cold resistance 1, negative energy
resistance 3, torment resistance, unbreathing
a: Renounce Religion


You were on level 4 of the Dungeon.
You worshipped Xom.
You were a toy of Xom.
You were not hungry.

You visited 1 branch of the dungeon, and saw 4 of its levels.

You collected 16 gold pieces.

Inventory:

Hand Weapons
 a - a +0 mace of chaos (weapon)
Armour
 b - a +2 leather armour (worn)
Scrolls
 c - a scroll of immolation {unknown}
 d - a scroll of remove curse {unknown}


   Skills:
 - Level 3.0 Fighting
 * Level 3.1 Maces & Flails
 + Level 2.1 Armour
 + Level 1.8 Dodging


You had 2 spell levels left.
You didn't know any spells.

Dungeon Overview and Level Annotations

Branches:
Dungeon (4/15)
 Temple: D:4-7

Altars:


Innate Abilities, Weirdness & Mutations

You do not eat or drink.
Your flesh is vulnerable to fire.
You are immune to poison.
Your flesh is cold resistant. (rC+)
You are immune to negative energy. (rN+++)
You are immune to unholy pain and torment.
You can survive without breathing.


Message History

Something completely misses you.
You closely miss something.
Something bites you but does no damage. x2
You closely miss something. Something bites you but does no damage.
You completely miss something. Something barely misses you.
Something bites you.
You miss something. Something barely misses you.
Something bites you but does no damage.
You closely miss something. Something bites you but does no damage.
You miss something. Something bites you but does no damage.
Something bites you.
You hit something but do no damage. Something bites you.
Something bites you but does no damage.
You barely miss something. Something bites you!
* * * LOW HITPOINT WARNING * * *
Something bites you but does no damage. Something bites you.
* * * LOW HITPOINT WARNING * * *
You miss something. Something bites you.
* * * LOW HITPOINT WARNING * * *
Something bites you.
You die...

#.. #.# ##.###... #.#
........########### #.#
######............##...# #.#
#....#.............#.#.# #.#
+.............(....#.#.####.#
.....%...##{..?..#.#..#.#.#
#......##@#.ooS#†##.#.#.#
#......##)######.#......# .
#......##(##.....##.#.#.#
...#......##(##.#####.<#.#.#
...........((##.##...#.#.#.#
...#.#..#######.##.....#.#.#
......##.# #...#######.#.#
####.. #.######.#.##...##....
#.. #.##.....#.##.#.#....#


There were no monsters in sight!

Vanquished Creatures
  A howler monkey (D:4)
  5 orcs (D:4)
  2 bats
  A giant cockroach (D:3)
  A goblin (D:2)
  A hobgoblin (D:2)
  A kobold (D:2)
  4 rats
16 creatures vanquished.

Notes
Turn   | Place    | Note
-------+----------+-------------------------------------------
     0 | D:1      | 4thArraOfDagon the Mummy Chaos Knight began the quest for the Orb.
     0 | D:1      | Reached XP level 1. HP: 18/18 MP: 1/1
    83 | D:2      | Reached skill level 1 in Dodging
   162 | D:3      | Reached XP level 2. HP: 24/24 MP: 2/2
   213 | D:4      | Noticed a howler monkey
   223 | D:4      | Killed a howler monkey
   223 | D:4      | Reached XP level 3. HP: 29/29 MP: 3/3
   324 | D:4      | Slain by an adder

Vault maps used:
D:1:      lightli_arrival_lavapool, item_on_display_b
D:2:      cheibrodos_helix_gallery, dk_noncrumbling_4
D:4:      temple_statues, serial_co_window_serial, co_window_paths_a,
          co_window_cross_1, co_window_corner_a, co_window_of_opportunity_a,
          co_window_paths_b, co_window_of_opportunity_a, co_window_paths_b,
          co_window_corner_a, co_window_paths_a, co_window_2corner,
          co_window_broadway_b, co_window_corner_ca, glass_columns_b,
          first_bread, serial_shops, shop, uniq_menkaure

Skill      XL: |  1  2 |
---------------+-------+-----
Dodging        | 1 |  1.8
Maces & Flails | 3 |  3.1
Armour         | 2 |  2.1
Fighting       | |  3.0

Action                   || total
-------------------------++-------
Melee: Mace              ||    44
 Stab: Sleeping          ||     1
Armor: Leather armour    ||    18
Dodge: Dodged            ||    21
